 Dungeon Crawl Stone Soup version 0.31-a0-182-gc5ef74bbde (webtiles) character file.

Game seed: 8737933344010544518

16 qw the Shooter (level 2, 0/26 HPs)
             Began as a Naga Hunter on June 20, 2023.
             Slain by a frilled lizard (3 damage)
             ... on level 1 of the Dungeon.
             The game lasted 00:00:08 (323 turns).

qw the Shooter (Naga Hunter)                         Turns: 323, Time: 00:00:08

Health: 0/26       AC:  2    Str: 13    XL:     2   Next: 58%
Magic:  2/2        EV:  9    Int:  9    God:
Gold:   13         SH:  0    Dex: 14    Spells: 1/1 levels left

rFire   . . .        a - +0 shortbow
rCold   . . .        (shield currently unavailable)
rNeg    . . .        c - +0 leather armour
rPois   +            (no helmet)
rElec   .            (no cloak)
rCorr   .            (no gloves)
SInv    +            (no barding)
Will    .....        (no amulet)
Stlth   ++           (no ring)
HPRegen 0.24/turn    (no ring)
MPRegen 0.08/turn

%: no passive effects
@: short of breath, very slow
A: AC +0, large, see invisible, deformed body, poison resistance, slowness 2,
spit poison 1, naga tail 1
a: Spit Poison


You were on level 1 of the Dungeon.
You visited 1 branch of the dungeon, and saw 1 of its levels.

You collected 13 gold pieces.


Innate Abilities, Weirdness & Mutations

Your serpentine skin is tough. (AC +0)
You have supernaturally acute eyesight. (SInv)
Armour fits poorly on your strangely shaped body.
Your system is resistant to poisons. (rPois)
You cover ground very slowly.
You can spit poison.
You have a snake-like lower body.


   Skills:
 - Level 2.0 Fighting
 + Level 4.2 Ranged Weapons
 - Level 1.5 Dodging
 - Level 1.5 Stealth


You had one spell level left.
You didn't know any spells.
Your spell library was empty.

Inventory:

Hand Weapons
 a - a +0 shortbow (weapon)
Armour
 c - a +0 leather armour (worn)
Scrolls
 b - a scroll of butterflies
 d - a scroll of fog {unknown}
 e - a scroll of immolation {unknown}
Potions
 f - 2 potions of berserk rage {unknown}

Dungeon Overview and Level Annotations

Branches:
Dungeon (1/15)

Altars:


Message History

You kill the kobold!
The bat hits you but does no damage. The bat misses you.
The quokka closely misses you. The frilled lizard closely misses you.
You shoot an arrow.
The arrow hits the bat but does no damage.
The bat hits you. The quokka bites you. The frilled lizard bites you.
The quokka bites you.
You shoot an arrow. The arrow barely misses the bat.
The bat hits you but does no damage. The quokka completely misses you.
The frilled lizard bites you but does no damage.
You shoot an arrow. The arrow hits the quokka.
The quokka is almost dead.
The quokka bites you but does no damage.
The frilled lizard bites you. The bat barely misses you.
You shoot an arrow. The arrow hits the quokka.
You kill the quokka!
The bat barely misses you.
The frilled lizard unfolds its giant frill.
The frilled lizard bites you.
You shoot an arrow. The arrow barely misses the bat.
You have got your breath back.
The bat barely misses you. The bat hits you but does no damage.
The frilled lizard barely misses you. The bat hits you.
The frilled lizard bites you.
321 ||| INVOKING Spit Poison.
Aiming: Spit Poison (2% risk of failure)
Press: ? - help, Shift-Dir - straight line, f/p - bat The splash of poison hits the bat.
The bat is moderately wounded.
The bat barely misses you.
The frilled lizard bites you but does no damage.
You shoot an arrow.
The arrow barely misses the frilled lizard.
The bat hits you.
The frilled lizard bites you but does no damage.
You shoot an arrow.
The arrow hits the bat but does no damage.
The bat is moderately wounded.
The bat hits you. The frilled lizard bites you.
You die...

...## .....####
##.#...##$ .....##..
#...... #.### #.#..#
#.... .. #....b#))..##
..##.# #.#
$......@l...#.#.#.......
###..###..##..#...##.##.
..........# #.#.#.#...#.
########.## #...#...#...
##.####.#.#.#...#.
##...##..#...##.##.
#....# #.#.#.%.....
#....# #...##.###.#
#.######.#.........


You could see a bat and a frilled lizard.

Vanquished Creatures
  A dart slug (D:1)
  5 ball pythons (D:1)
  A bat (D:1)
  2 kobolds (D:1)
  A quokka (D:1)
  A frilled lizard (D:1)
  3 rats (D:1)
14 creatures vanquished.

Notes
Turn   | Place    | Note
-------+----------+-------------------------------------------
     0 | D:1      | qw the Naga Hunter began the quest for the Orb.
     0 | D:1      | Reached XP level 1. HP: 19/19 MP: 1/1
     0 | D:1      | 0 ||| qw: Version: 0.3-a-9-g12657ce
     0 | D:1      | 0 ||| qw: Game counter: 1240
     0 | D:1      | 0 ||| qw: Always use a shield: true
     0 | D:1      | 0 ||| qw: God list: Okawaru
     0 | D:1      | 0 ||| qw: Allow faded altars: false
     0 | D:1      | 0 ||| qw: Do Orc after D:15 true
     0 | D:1      | 0 ||| qw: Do second Lair branch before Depths: true
     0 | D:1      | 0 ||| qw: Lair rune preference: random
     0 | D:1      | 0 ||| qw: Plans: Normal
     0 | D:1      | 0 ||| PLANNING D:1-11
    73 | D:1      | 73 ||| INVOKING Spit Poison.
    80 | D:1      | 80 ||| INVOKING Spit Poison.
   127 | D:1      | 127 ||| INVOKING Spit Poison.
   149 | D:1      | 149 ||| INVOKING Spit Poison.
   150 | D:1      | Reached skill level 4 in Ranged Weapons
   150 | D:1      | Reached XP level 2. HP: 26/26 MP: 2/2
   202 | D:1      | 202 ||| INVOKING Spit Poison.
   222 | D:1      | 222 ||| Stepping ~*~*~tactically~*~*~ (outnumbered).
   224 | D:1      | 224 ||| INVOKING Spit Poison.
   228 | D:1      | 228 ||| INVOKING Spit Poison.
   308 | D:1      | 308 ||| INVOKING Spit Poison.
   314 | D:1      | 314 ||| INVOKING Spit Poison.
   319 | D:1      | HP: 6/26 [frilled lizard (2)]
   321 | D:1      | 321 ||| INVOKING Spit Poison.
   323 | D:1      | Slain by a frilled lizard

Levels and vault maps discovered:
D:1:      scummos_arrival_simple_fountains, layout_loops_cross,
          nicolae_concentric_dashed_squares_wild, nrook_campfire,
          minmay_liquid_box, grunt_decor_cap, minmay_misc_feat_columns,
          kennysheep_decorative_pillar

Skill      XL: |  1 |
---------------+----+-----
Ranged Weapons | 4 |  4.2
Fighting       | |  2.0
Dodging        | |  1.5
Stealth        | |  1.5

Action                     || total
---------------------------++-------
   Fire: Shortbow          ||    25
Ability: Spit Poison       ||    10
 Armour: Leather armour    ||    13
  Dodge: Dodged            ||    17

Table legend:
 A = Non-vault XP
 B = Vault XP
 C = Vault XP percentage of total XP
 D = Non-vault monster count
 E = Vault monster count
 F = Vault count percentage of total count
                 A         B        C        D         E       F
            +---------+---------+-------+---------+---------+-------
      Total |      24 |       0 |   0.0 |      14 |       0 |   0.0
            +---------+---------+-------+---------+---------+-------
        D:1 |      24 |       0 |   0.0 |      14 |       0 |   0.0
            +---------+---------+-------+---------+---------+-------
